 Dungeon Crawl Stone Soup version 0.26.1-2-gb8aa6d0cf2 (webtiles) character file.

Game seed: 11885479058681380160

48272 Gadfly the Destroyer (level 14, -1/88 HPs)
             Began as a Tengu Air Elementalist on Feb 19, 2021.
             Was a High Priest of Vehumet.
             Slain by a death yak (10 damage)
             ... while petrified by a catoblepas
             ... on level 6 of the Lair of Beasts.
             The game lasted 00:52:02 (21753 turns).

Gadfly the Destroyer (Tengu Air Elementalist)      Turns: 21753, Time: 00:52:02

Health: -1/88      AC:  9    Str:  7    XL:     14   Next: 45%
Magic:  37/37      EV:  2    Int: 27    God:    Vehumet [*****.]
Gold:   1323       SH:  0    Dex: 14    Spells: 1/31 levels left

rFire    + + .     SeeInvis .   a - staff of air
rCold    x x .     Faith    .   R - +2 buckler
rNeg     + + +     Spirit   .   B - +3 salamander hide armour {Flames rF++ rC--}
rPois    ∞         Reflect  +   (helmet restricted)
rElec    +         Harm     .   D - +0 cloak
rCorr    .         Rampage  .   s - +1 pair of gloves
Will     ++...                  (boots unavailable)
Stlth    ++........             g - amulet of reflection
HPRegen  0.24/turn              I - +6 ring of intelligence
MPRegen  0.25/turn              E - ring of magical power

@: petrified, flying quickly and evasively, quick
A: beak, talons 3, strong-willed 1, robust 1, weak 1, MP-powered wands, able to
fly
a: Stop Flying, Renounce Religion


You were on level 6 of the Lair of Beasts.
You worshipped Vehumet.
Vehumet was extremely pleased with you.
You visited 2 branches of the dungeon, and saw 15 of its levels.
You also visited: Volcano.

You collected 1323 gold pieces.

Inventory:

Hand Weapons
 b - a +1 long sword of electrocution
 A - a +2 morningstar of venom
 J - the +3 trident "Gibbon Fevaa" {flame, Str+4 Int+2}
   (You took it off a spriggan on level 8 of the Dungeon)

   It has been specially enchanted to burn those struck by it, causing extra
   injury to most foes and up to half again as much damage against particularly
   susceptible opponents.
   It affects your strength (+4).
   It affects your intelligence (+2).
Armour
 s - a +1 pair of gloves (worn)
 B - the +3 salamander hide armour (worn) {Flames rF++ rC--}
   (You found it on level 7 of the Dungeon)

   It greatly protects you from fire.
   It makes you very vulnerable to cold.
 D - a +0 cloak (worn)
 P - the +1 robe "Pyxt" {*Corrode rPois Dex+4}
   (You found it on level 2 of the Lair of Beasts)

   It affects your dexterity (+4).
   It protects you from poison.
   It may corrode you when you take damage.
 R - a +2 buckler (worn)
Magical Staves
 a - an uncursed staff of air (weapon)
 w - an uncursed staff of earth {unknown}
Jewellery
 g - an amulet of reflection (around neck)
 h - a +6 ring of dexterity
 r - an uncursed ring of willpower
 E - a ring of magical power (right hand)
 F - an uncursed ring of fire
 I - a +6 ring of intelligence (left hand)
 K - an uncursed ring of protection from fire
 M - an uncursed ring of positive energy
Wands
 l - a wand of iceblast (10)
 n - a wand of digging (4)
 v - a wand of flame (14)
 y - a wand of disintegration (23)
 G - a wand of polymorph (12)
 O - a wand of acid (9)
Scrolls
 k - 3 scrolls of fear
 m - 3 scrolls of fog
 q - 4 scrolls of remove curse
 t - 6 scrolls of enchant weapon
 u - 3 scrolls of teleportation
 z - 5 scrolls of identify
 C - a scroll of enchant armour
 H - a scroll of summoning
 N - a scroll of holy word
 Q - 2 scrolls of blinking
 S - a scroll of magic mapping
Potions
 c - 2 potions of might
 d - 7 potions of curing
 e - 5 potions of brilliance
 f - 3 potions of resistance
 i - 3 potions of berserk rage
 j - 5 potions of heal wounds
 o - 2 potions of haste
 p - 3 potions of mutation
 x - 5 potions of lignification
 L - 2 potions of magic


   Skills:
 + Level 6.3 Fighting
 * Level 10.5 Dodging
 - Level 2.0 Stealth
 - Level 8.1 Shields
 * Level 9.0 Spellcasting
 * Level 12.2 Conjurations
 * Level 11.1 Summonings
 * Level 12.0 Air Magic
 * Level 9.5 Evocations


You had one spell level left.
You knew the following spells:

 Your Spells              Type           Power        Failure   Level
a - Iskenderun's Battles  Conj           68%          1%          5
b - Swiftness             Air            86%          1%          2
c - Static Discharge      Conj/Air       86%          1%          3
d - Airstrike             Air            43%          1%          4
e - Magic Dart            Conj           100%         1%          1
f - Lightning Bolt        Conj/Air       43%          1%          5
g - Summon Lightning Spi  Summ/Air       84%          1%          4
h - Shadow Creatures      Summ           N/A          11%         6

Your spell library contained the following spells:

 Spells                   Type           Power        Failure   Level
 Freeze                   Ice            48%          1%          1
 Shock                    Conj/Air       100%         1%          1
 Summon Small Mammal      Summ           100%         1%          1
 Animate Skeleton         Necr           24%          7%          1
 Apportation              Tloc           24%          7%          1
 Beastly Appendage        Tmut           24%          7%          1
 Corona                   Hex            13%          7%          1
 Call Imp                 Summ           64%          1%          2
 Poisonous Vapours        Pois/Air       100%         1%          2
 Hailstorm                Conj/Ice       45%          1%          4
 Conjure Ball Lightning   Conj/Air       43%          2%          6
 Frozen Ramparts          Ice            24%          6%          3
 Summon Ice Beast         Ice/Summ       42%          7%          4
 Wereblood                Tmut           12%          11%         2
 Ozocubu's Armour         Ice            12%          22%         3
 Spider Form              Tmut/Pois      6%           22%         3
 Summon Hydra             Summ           32%          52%         7
 Ice Form                 Ice/Tmut       12%          56%         4
 Blade Hands              Tmut           6%           89%         5
 Dragon's Call            Summ           32%          100%        9
 Tornado                  Air            43%          100%        9


Dungeon Overview and Level Annotations

Branches:
Dungeon (9/15)             Temple (0/1) D:6            Lair (6/6) D:8
  Swamp (0/4) Lair:3        Snake (0/4) Lair:4        Slime (0/5) Lair:5
    Orc (0/2) D:9         Volcano (visited)

Altars:
Elyvilon
Fedhas
Gozag
Nemelex Xobeh
Okawaru
Qazlal
Ru
Vehumet
Xom
Yredelemnul


Innate Abilities, Weirdness & Mutations

You have a beak for a mouth.
You have claws for feet.
You can fly continuously.
You are strong-willed. (Will+)
You are robust. (+10% HP)
You are weak. (Str -2)
You expend magic power (3 MP) to strengthen your wands.


Message History

Vehumet accepts your kill.
The death yak is no longer petrified.
The death yak is engulfed in blazing flames.
The death yak gores you!
* * * LOW HITPOINT WARNING * * *
The elephant is engulfed in blazing flames.
The elephant tramples you but does no damage.
The elephant trunk-slaps you.
* * * LOW HITPOINT WARNING * * *
The death yak is engulfed in blazing flames.
The death yak is engulfed in blazing flames.
The death yak gores you!
* * * LOW HITPOINT WARNING * * *
The elephant is engulfed in blazing flames.
The elephant tramples you but does no damage.
The elephant trunk-slaps you but does no damage.
The death yak is engulfed in blazing flames.
The death yak is engulfed in blazing flames.
The death yak gores you!!
You die...

## #.. ####
#...
###.P##....
#..P....#
#....###..
♣YY.*....
#@Y÷.....
#○#.....#
#.##...##
#..##...#
#...#.÷..
#...##.8.
#....# ..
##...###
#.....#####


You could see 2 death yaks, an elephant and a friendly battlesphere.

Vanquished Creatures
  2 entropy weavers (Lair:5)
  9 hydras
  A boulder beetle (Lair:6)
  2 catoblepae (Lair:6)
  A death yak (Lair:6)
  A queen ant (Lair:5)
  A fire crab (Volcano)
  The ghost of hgbash the Conjurer, a novice HuCj of Vehumet (D:8)
  A lindwurm (Volcano)
  4 oklob plants (Lair:6)
  Joseph (D:9)
  6 elephants (Lair:6)
  15 cane toads
  Maggie (D:9)
  10 komodo dragons
  5 polar bears
  Grinder (D:5)
  A nameless horror (Lair:3)
  15 blink frogs
  39 yaks
  2 spriggans (D:8)
  5 wyverns
  A wraith (D:9)
  Sigmund (D:3)
  A basilisk (Lair:4)
  2 humans (D:7)
  2 fire bats
  3 wargs (D:8)
  3 steam dragons (Volcano)
  3 nagas (Lair:4)
  19 soldier ants (Lair:5)
  A swamp worm (Lair:3)
  25 water moccasins
  2 orc warriors
  Duvessa (D:6)
  A sky beast (D:9)
  5 black bears
  4 ogres
  A necrophage (D:9)
  A phantom (D:5)
  16 wolves
  2 ice beasts
  5 centaurs
  19 bullfrogs
  Blork the orc (D:6)
  Dowan (D:6)
  2 scorpions
  A wyvern skeleton (D:6)
  A water moccasin skeleton (D:7)
  6 killer bees (D:8)
  2 howler monkeys (D:7)
  2 electric eels (Lair:6)
  A quasit (D:5)
  A bullfrog zombie (D:8)
  7 hounds
  A jelly (D:5)
  Crazy Yiuf (D:7)
  4 bullfrog skeletons
  4 orc priests
  A centaur skeleton (D:8)
  Jessica (D:3)
  Natasha (thrice) (D:2)
  2 iguanas
  13 orc wizards
  20 worker ants
  5 hell rats (Lair:5)
  A killer bee zombie (D:9)
  Robin (D:2)
  A howler monkey skeleton (D:6)
  A worker ant zombie (D:6)
  7 gnolls
  10 adders
  3 shadow imps
  2 white imps
  An ufetubus (D:9)
  2 oozes
  An adder zombie (D:6)
  3 adder skeletons
  2 worms
  3 dart slugs
  10 leopard geckos
  42 orcs
  8 giant cockroaches
  20 goblins
  6 hobgoblins
  6 jackals
  4 quokkas
  A ball python (D:5)
  5 bats
  5 frilled lizards
  10 kobolds
  2 quokka skeletons
  A quokka zombie (D:5)
  3 rats
  5 bushes
488 creatures vanquished.

Vanquished Creatures (collateral kills)
  4 fire bats
  A yak (Lair:3)
  A water moccasin (Lair:3)
6 creatures vanquished.

Vanquished Creatures (others)
  A kobold (D:3)
  A bush (Lair:6)
  152 fungi
  190 plants
344 creatures vanquished.

Grand Total: 838 creatures vanquished

Notes
Turn   | Place    | Note
-------+----------+-------------------------------------------
     0 | D:1      | Gadfly the Tengu Air Elementalist began the quest for the
                  | Orb.
     0 | D:1      | Reached XP level 1. HP: 10/10 MP: 4/4
   305 | D:1      | Reached XP level 2. HP: 10/15 MP: 6/6
   317 | D:1      | You fall into a shaft and drop 1 floor!
   625 | D:1      | Reached skill level 1 in Summonings
   858 | D:1      | Reached XP level 3. HP: 20/20 MP: 5/7
   861 | D:1      | Learned a level 2 spell: Swiftness
   865 | D:1      | Learned a level 3 spell: Static Discharge
  1148 | D:2      | Noticed Robin
  1188 | D:2      | Killed Robin
  1189 | D:2      | Reached skill level 1 in Evocations
  1224 | D:2      | Reached XP level 4. HP: 3/24 MP: 0/8
  1630 | D:2      | Noticed Natasha
  1637 | D:2      | Killed Natasha
  1750 | D:2      | Noticed Natasha
  1763 | D:2      | Killed Natasha
  1764 | D:2      | Reached skill level 1 in Fighting
  1764 | D:2      | Gained mutation: You can fly continuously. [Tengu growth]
  1764 | D:2      | Reached XP level 5. HP: 18/29 MP: 2/9
  2137 | D:2      | Found a sparkling altar of Nemelex Xobeh.
  2382 | D:2      | Noticed Natasha
  3077 | D:3      | Noticed a fire elemental
  3080 | D:3      | Found a stormy altar of Qazlal.
  3116 | D:3      | Noticed Sigmund
  3117 | D:3      | Noticed Jessica
  3153 | D:3      | Killed Sigmund
  3154 | D:3      | Reached XP level 6. HP: 21/34 MP: 0/11
  3246 | D:2      | Killed Natasha
  3283 | D:3      | Killed Jessica
  3377 | D:3      | Learned a level 4 spell: Airstrike
  3408 | D:3      | Found a radiant altar of Vehumet.
  3414 | D:3      | Became a worshipper of Vehumet
  3821 | D:3      | Noticed a water elemental
  3823 | D:3      | Noticed an air elemental
  4136 | D:3      | Found an opulent altar of Gozag.
  4649 | D:4      | Reached XP level 7. HP: 23/38 MP: 1/12
  5137 | D:5      | Entered Level 5 of the Dungeon
  5368 | D:5      | Reached * piety under Vehumet
  5368 | D:5      | Offered knowledge of Magic Dart by Vehumet.
  5666 | D:5      | Learned a level 1 spell: Magic Dart
  5966 | D:5      | Found a blossoming altar of Fedhas.
  6167 | D:5      | Reached skill level 5 in Air Magic
  6170 | D:5      | Reached XP level 8. HP: 13/44 MP: 12/14
  6487 | D:5      | Noticed Grinder
  6505 | D:5      | Paralysed by Grinder for 2 turns
  6511 | D:5      | Killed Grinder
  6512 | D:5      | Reached skill level 5 in Conjurations
  7389 | D:5      | Reached skill level 5 in Dodging
  7606 | D:5      | Gained mutation: You are strong-willed. (Will+) [potion of
                  | mutation]
  7606 | D:5      | Gained mutation: You are weak. (Str -2) [potion of
                  | mutation]
  7606 | D:5      | Gained mutation: You expend magic power (3 MP) to
                  | strengthen your wands. [potion of mutation]
  7606 | D:5      | Gained mutation: You are robust. (+10% HP) [potion of
                  | mutation]
  7895 | D:6      | Found a white marble altar of Elyvilon.
  7900 | D:6      | Noticed Duvessa
  7901 | D:6      | Noticed Dowan
  7905 | D:6      | Reached ** piety under Vehumet
  7924 | D:6      | Killed Duvessa
  7925 | D:6      | Reached skill level 5 in Summonings
  7926 | D:6      | Offered knowledge of Sandblast by Vehumet.
  7934 | D:6      | Killed Dowan
  8027 | D:6      | Reached XP level 9. HP: 50/53 MP: 16/16
  9327 | D:6      | Noticed Blork the orc
  9333 | D:6      | Killed Blork the orc
  9418 | D:6      | Learned a level 5 spell: Lightning Bolt
  9648 | D:6      | Found a staircase to the Ecumenical Temple.
  9953 | D:7      | Offered knowledge of Conjure Flame by Vehumet.
 10291 | D:7      | Found an iron altar of Okawaru.
 10325 | D:7      | Found the +3 salamander hide armour {Flames rF++ rC--}
 10373 | D:7      | Reached skill level 5 in Spellcasting
 10378 | D:7      | Reached skill level 5 in Evocations
 10635 | D:7      | Found a runed translucent door.
 10636 | D:7      | Noticed Crazy Yiuf
 10717 | D:7      | Identified a scroll of acquirement
 10718 | D:7      | Acquired an uncursed staff of air
 10794 | D:7      | Found a shimmering altar of Xom.
 10794 | D:7      | Found a shimmering altar of Xom.
 10794 | D:7      | Found a shimmering altar of Xom.
 10796 | D:7      | Found a shimmering altar of Xom.
 10796 | D:7      | Found a shimmering altar of Xom.
 10797 | D:7      | Found a shimmering altar of Xom.
 10797 | D:7      | Found a shimmering altar of Xom.
 10801 | D:7      | Found a shimmering altar of Xom.
 10801 | D:7      | Found a shimmering altar of Xom.
 11149 | D:7      | Killed Crazy Yiuf
 11206 | D:8      | Found a basalt altar of Yredelemnul.
 11227 | D:8      | Reached *** piety under Vehumet
 11360 | D:8      | Found a runed translucent door.
 11360 | D:8      | Identified the cursed +3 trident "Gibbon Fevaa" {flame,
                  | Str+4 Int+2}
 11360 | D:8      | Noticed hgbash's ghost (novice HuCj)
 11362 | D:8      | Noticed a polar bear
 11365 | D:8      | Noticed a polar bear
 11387 | D:8      | Reached XP level 10. HP: 61/61 MP: 19/19
 11430 | D:8      | Found a sacrificial altar of Ru.
 11513 | D:8      | Offered knowledge of Iskenderun's Mystic Blast by Vehumet.
 11604 | D:8      | Found a staircase to the Lair.
 11895 | D:8      | Reached **** piety under Vehumet
 12148 | D:8      | Killed hgbash's ghost
 12148 | D:8      | Offered knowledge of Ignite Poison by Vehumet.
 12580 | D:9      | Found a staircase to the Orcish Mines.
 12591 | D:9      | Noticed Joseph
 12602 | D:9      | Killed Joseph
 12603 | D:9      | Reached XP level 11. HP: 59/67 MP: 20/21
 12673 | D:9      | Noticed Maggie
 12682 | D:9      | Killed Maggie
 13151 | Lair:1   | Entered Level 1 of the Lair of Beasts
 13174 | Lair:1   | Noticed an eight-headed hydra
 13183 | Lair:1   | Killed an eight-headed hydra
 14128 | Lair:1   | Reached skill level 10 in Conjurations
 14258 | Lair:1   | Reached skill level 5 in Fighting
 14259 | Lair:1   | Reached XP level 12. HP: 74/74 MP: 23/23
 14511 | Lair:2   | Got a warped robe
 14512 | Lair:2   | Identified the +1 robe "Pyxt" {*Corrode rPois Dex+4} (You
                  | found it on level 2 of the Lair of Beasts)
 14525 | Lair:2   | Reached skill level 10 in Air Magic
 14610 | Lair:2   | Noticed a six-headed hydra
 14617 | Lair:2   | Killed a six-headed hydra
 15148 | Lair:2   | Reached ***** piety under Vehumet
 15382 | Lair:2   | Offered knowledge of Freezing Cloud by Vehumet.
 15615 | Lair:2   | Noticed an eight-headed hydra
 15640 | Lair:2   | Killed an eight-headed hydra
 16595 | Lair:3   | Acquired the Volume of Summoning
 16602 | Lair:3   | Learned a level 4 spell: Summon Lightning Spire
 16609 | Lair:3   | Learned a level 6 spell: Shadow Creatures
 16631 | Lair:3   | Noticed a five-headed hydra
 16634 | Lair:3   | Noticed an eight-headed hydra
 16638 | Lair:3   | Killed a five-headed hydra
 16643 | Lair:3   | Killed an eight-headed hydra
 16644 | Lair:3   | Reached skill level 10 in Summonings
 16670 | Lair:3   | HP: 3/75 [poisoned by a cane toad]
 16678 | Lair:3   | HP: 3/75 [poisoned by a cane toad]
 16800 | Lair:3   | Reached XP level 13. HP: 24/81 MP: 26/26
 16876 | Lair:3   | Found a dark tunnel.
 16885 | Volcano  | Entered a volcano
 17541 | Lair:3   | Found a staircase to the Swamp.
 18234 | Lair:4   | Reached skill level 1 in Shields
 18398 | Lair:4   | Found a staircase to the Snake Pit.
 19057 | Lair:4   | Identified the Reference Book on the Floating Snowflakes
 19332 | Lair:5   | Reached skill level 5 in Shields
 19718 | Lair:5   | Found a staircase to the Slime Pits.
 19760 | Lair:5   | Noticed an entropy weaver
 19781 | Lair:5   | Killed an entropy weaver
 19812 | Lair:5   | Noticed an entropy weaver
 19820 | Lair:5   | Killed an entropy weaver
 19821 | Lair:5   | Reached skill level 10 in Dodging
 20419 | Lair:6   | Entered Level 6 of the Lair of Beasts
 20425 | Lair:6   | Reached XP level 14. HP: 84/88 MP: 27/27
 20743 | Lair:6   | Offered knowledge of Iskenderun's Battlesphere by Vehumet.
 20750 | Lair:6   | Learned a level 5 spell: Iskenderun's Battlesphere
 21753 | Lair:6   | Slain by a death yak

Illustrated notes

Levels and vault maps discovered:
D:1:      shiori_shiawase, layout_basic, minmay_tall_x
D:2:      layout_basic, overflow_temple_1_default, serial_forest,
          infiniplex_forest_3_way, infiniplex_forest_straight_4,
          infiniplex_forest_straight_4, infiniplex_forest_diagonal,
          infiniplex_forest_clump_small, infiniplex_forest_3_way,
          infiniplex_forest_clump_curved, infiniplex_forest_split, uniq_robin,
          uniq_natasha
D:3:      layout_basic, old_standard_altar, old_standard_altar,
          nicolae_qazlal_style_of_elements, fountainhead, uniq_sigmund,
          uniq_jessica
D:4:      layout_loops_ring
D:5:      minmay_opposing_rooms, layout_gridville, basic_altar, st_stairs_2,
          uniq_grinder
D:6:      layout_loops_ring, minmay_temple_entry_trees,
          chequers_serial_rivers_micro_a, elyvilon_altar_3, uniq_blork_the_orc,
          uniq_duvessa
D:7:      layout_loops_ring, xom_redecorated, okawaru_humans,
          uniq_crazy_yiuf_cottage
D:8:      layout_rooms, kennysheep_mini_moat, marbit_many_paths,
          erik_lair_orcish_takeover, ebering_ghost_funeral_grove
D:9:      layout_rooms, orc_0_dummy, uniq_maggie, uniq_joseph
Lair:1:   layout_small_grid, serial_bayou_shore_b, infiniplex_staircase_pool_2
Lair:2:   layout_regular_city, grunt_megastairs_5, infiniplex_staircase_pool
Lair:3:   layout_chaotic_city, palyth_hydra_swamp_entry,
          nicolae_volcano_entry_batcave, lemuel_fruit_fields
Lair:4:   layout_layer_cave, minmay_snake_entry_guardpost_small
Lair:5:   layout_loops_ring, dpeg_slime_entry_corner, st_stairs_12,
          zaba_antful_of_joy
Lair:6:   grunt_lair_end_beastmaster, layout_loops_ring,
          chequers_serial_rivers_marsh, minmay_lair_oklob_chamber,
          serial_bayou_shore_a, lemuel_fruit_tree

Skill      XL: |  1  2  3  4  5  6  7  8  9 10 11 12 13 14 |
---------------+-------------------------------------------+-----
Conjurations   | 2 3 4 5 7 8 10 11 12 | 12.2
Summonings     | 1 2 3 4 5 6 7 9 10 11 | 11.1
Evocations     | 1 2 3 4 5 6 7 8 9 |  9.5
Fighting       | 1 2 3 4 5 6 |  6.3
Dodging        | 3 4 5 6 7 8 9 10 | 10.5
Spellcasting   | 3 4 5 6 7 8 9 |  9.0
Air Magic      | 5 7 8 9 10 11 12 | 12.0
Shields        | 8 |  8.1
Stealth        | |  2.0

Action                   |  1- 3 |  4- 6 |  7- 9 | 10-12 | 13-15 || total
-------------------------+-------+-------+-------+-------+-------++-------
Melee: Unarmed           |     4 |       |       |       |       ||     4
       Dagger            |    41 |       |       |       |       ||    41
       Kick              |    10 |    76 |    37 |    39 |    26 ||   188
       Peck              |     2 |    48 |    29 |    13 |    16 ||   108
       Spear             |       |   155 |     5 |       |       ||   160
       Morningstar       |       |       |   148 |       |       ||   148
       Long sword        |       |       |     4 |       |       ||     4
       Staff             |       |       |     2 |   138 |    75 ||   215
       Trident           |       |       |       |       |    45 ||    45
 Cast: Shock             |    50 |   106 |   178 |   153 |    29 ||   516
       Static Discharge  |       |       |     9 |     5 |     4 ||    18
       Magic Dart        |       |       |     1 |     1 |    77 ||    79
       Lightning Bolt    |       |       |       |     4 |    37 ||    41
       Summon Lightning  |       |       |       |     3 |     6 ||     9
       Shadow Creatures  |       |       |       |       |     3 ||     3
       Iskenderun's Batt |       |       |       |       |    12 ||    12
 Abil: Fly               |       |     1 |       |       |       ||     1
Evoke: Wand              |       |       |       |     1 |       ||     1
  Use: Scroll            |     3 |     9 |     6 |    10 |     4 ||    32
       Potion            |       |     1 |     3 |       |       ||     4
 Stab: Sleeping          |     1 |     2 |     6 |       |       ||     9
       Distracted        |       |       |     1 |       |     1 ||     2
       Petrified         |       |       |       |       |     1 ||     1
Armor: Robe              |     7 |     2 |    15 |       |       ||    24
       Leather armour    |       |       |     6 |    38 |    34 ||    78
Dodge: Dodged            |    44 |    24 |   169 |   166 |   122 ||   525
Block: Other             |     4 |     8 |    49 |    45 |       ||   106
       Reflection        |       |     1 |     5 |     5 |       ||    11
       Buckler           |       |       |       |    15 |    92 ||   107
